 Dungeon Crawl Stone Soup version 0.23.2-1-ga50397a (webtiles) character file.

Game seed: 4549771824514032396

170 goulibeur the Skirmisher (level 5, -1/43 HPs)
             Began as a Demonspawn Abyssal Knight on May 17, 2019.
             Was a Believer of Lugonu.
             Slain by Grinder (7 damage)
             ... while paralysed by Grinder
             ... on level 3 of the Dungeon.
             The game lasted 00:10:34 (2843 turns).

goulibeur the Skirmisher (DsAK)                     Turns: 2843, Time: 00:10:35

Health: -1/43      AC:  9    Str: 12    XL:     5   Next: 26%
Magic:  7/7        EV:  2    Int: 13    God:    Lugonu [**....]
Gold:   135        SH:  0    Dex: 14    Spells: 4/4 levels left

rFire    + . .     SeeInvis .   a - +1 short sword
rCold    . . .     Gourm    .   (no shield)
rNeg     . . .     Faith    .   g - +0 scale mail
rPois    .         Spirit   .   (no helmet)
rElec    .         Reflect  .   (no cloak)
rCorr    .         Harm     .   j - +0 pair of gloves
MR       .....                  (no boots)
Stlth    ..........             (no amulet)
HPRegen  0.14/turn              (no ring)
MPRegen  0.10/turn              (no ring)

@: paralysed
A: molten scales 1, fire resistance 1
a: Depart the Abyss, Bend Space, Renounce Religion


You were on level 3 of the Dungeon.
You worshipped Lugonu.
Lugonu was pleased with you.
You were hungry.

You visited 1 branch of the dungeon, and saw 3 of its levels.
You visited the Abyss 1 time.

You collected 135 gold pieces.

Inventory:

Hand Weapons
 a - a +1 short sword (weapon)
Armour
 b - a +0 leather armour
 g - a +0 scale mail (worn)
 j - a +0 pair of gloves (worn)
Wands
 r - a wand of random effects (21)
Scrolls
 h - 2 scrolls of random uselessness {unknown}
 i - 3 scrolls of teleportation {unknown}
 k - a scroll of blinking {unknown}
 l - a scroll of enchant armour {unknown}
 m - 3 scrolls of identify {unknown}
 n - a scroll of fear {unknown}
 o - 4 scrolls of remove curse {unknown}
 s - a scroll of enchant weapon {unknown}
Potions
 d - a potion of ambrosia {unknown}
 e - 2 potions of might {unknown}
 p - 2 potions of magic {unknown}
 q - 3 potions of heal wounds {unknown}
Comestibles
 c - 8 rations


   Skills:
 + Level 4.5 Fighting
 - Level 1.7 Short Blades
 + Level 2.7 Armour
 + Level 1.5 Dodging
 * Level 3.9 Invocations
 + Level 0.9 Evocations


You had 4 spell levels left.
You didn't know any spells.
Your spell library was empty.

Dungeon Overview and Level Annotations

Branches:
Dungeon (3/15)

Altars:
Elyvilon
Nemelex Xobeh
Okawaru
Ru
Sif Muna
Vehumet
Yredelemnul
The Shining One

Annotations:
D:2 Sigmund
D:3 Grinder


Innate Abilities, Weirdness & Mutations

You are partially covered in molten scales. (AC +2)
Your flesh is heat resistant. (rF+)


Message History

You writhe in agony.
* * * LOW HITPOINT WARNING * * *
You barely miss Grinder.
Grinder is heavily wounded.
Grinder hits you.
* * * LOW HITPOINT WARNING * * *
You writhe in agony.
* * * LOW HITPOINT WARNING * * *
You hit Grinder.
Grinder is heavily wounded.
Grinder hits you but does no damage.
You hit Grinder.
Grinder is heavily wounded.
Grinder barely misses you.
You hit Grinder.
Grinder is severely wounded.
Grinder gestures at you.
You suddenly lose the ability to move!
Grinder hits you!
You die...

#.# # ##. #.#
.. #.# # #..#
_.#.. ... ##
#...#.#..# ..
#. #....#...#
#. #........#
#. #........#
#. #.....5.#
#. #.$...@.#
#. ##....<##
#.
##.....#####
#.
###.......#
#.
#...###.#####
#. #####
#.....######.
#####........
#########


You could see Grinder.

Vanquished Creatures
  Natasha (D:3)
  5 adders
  5 oozes
  4 worms (D:3)
  2 dart slugs (D:1)
  2 leopard geckos (D:2)
  An orc (D:3)
  2 ball pythons
  3 giant cockroaches
  9 goblins
  6 hobgoblins
  4 kobolds (D:1)
  A quokka (D:3)
  6 bats
  4 frilled lizards
  9 rats
64 creatures vanquished.

Notes
Turn   | Place    | Note
-------+----------+-------------------------------------------
     0 | Abyss:1  | goulibeur the Demonspawn Abyssal Knight began the quest for
                  | the Orb.
     0 | Abyss:1  | Reached XP level 1. HP: 18/18 MP: 2/2
    40 | Abyss:1  | Noticed a raiju
    55 | Abyss:1  | Noticed a worldbinder
    56 | D:1      | Escaped the Abyss
    95 | D:1      | Reached * piety under Lugonu
   384 | D:1      | Gained mutation: Your flesh is heat resistant. (rF+)
                  | [demonic ancestry]
   384 | D:1      | Reached XP level 2. HP: 24/24 MP: 3/3
   718 | D:1      | Reached skill level 4 in Fighting
   718 | D:1      | Reached XP level 3. HP: 25/30 MP: 4/4
  1234 | D:2      | Reached ** piety under Lugonu
  1255 | D:2      | Noticed Sigmund
  1386 | D:2      | Found a sparkling altar of Nemelex Xobeh.
  1487 | D:3      | Gained mutation: You are partially covered in molten
                  | scales. (AC +2) [demonic ancestry]
  1487 | D:3      | Reached XP level 4. HP: 10/37 MP: 6/6
  1828 | D:3      | Found a deep blue altar of Sif Muna.
  1851 | D:3      | Reached skill level 1 in Dodging
  2251 | D:3      | Found a white marble altar of Elyvilon.
  2336 | D:3      | Noticed Natasha
  2367 | D:3      | Killed Natasha
  2367 | D:3      | Reached XP level 5. HP: 35/43 MP: 7/7
  2515 | D:3      | Found a basalt altar of Yredelemnul.
  2534 | D:3      | Found a glowing golden altar of the Shining One.
  2536 | D:3      | Noticed an angel
  2727 | D:3      | Found a sacrificial altar of Ru.
  2757 | D:3      | Found a radiant altar of Vehumet.
  2806 | D:3      | Noticed Grinder
  2809 | D:3      | Paralysed by Grinder for 7 turns
  2817 | D:3      | Found an iron altar of Okawaru.
  2823 | D:3      | Paralysed by Grinder for 3 turns
  2830 | D:3      | Paralysed by Grinder for 4 turns
  2842 | D:3      | Paralysed by Grinder for 2 turns
  2843 | D:3      | Slain by Grinder

Skill      XL: |  1  2  3  4 |
---------------+-------------+-----
Armour         | 2 |  2.7
Fighting       | 4 |  4.5
Invocations    | 3 |  3.9
Dodging        | 1 |  1.5
Short Blades   | |  1.7
Evocations     | |  0.9

Action                   |  1- 3 |  4- 6 || total
-------------------------+-------+-------++-------
Melee: Short sword       |   132 |   191 ||   323
Invok: Depart the Abyss  |     1 |       ||     1
  Eat: Chunk             |     2 |     4 ||     6
Armor: Scale mail        |    76 |    77 ||   153
       Leather armour    |     2 |       ||     2
Dodge: Dodged            |    89 |    92 ||   181
